 Dungeon Crawl Stone Soup version 0.28.0-53-g5a82cb258f (webtiles) character file.

Game seed: 5654765317555669226

756 LustLizard the Stinger (level 7, -13/40 HPs)
             Began as a Gargoyle Venom Mage on June 13, 2022.
             Was an Initiate of Sif Muna.
             Mangled by an ogre
             ... wielding a +0 giant spiked club
              (14 damage)
             ... on level 5 of the Dungeon.
             The game lasted 00:21:13 (6547 turns).

LustLizard the Stinger (Gargoyle Venom Mage)        Turns: 6547, Time: 00:21:13

Health: -13/40     AC: 14    Str: 13    XL:     7   Next: 79%
Magic:  6/11       EV: 11    Int: 16    God:    Sif Muna [......]
Gold:   165        SH:  0    Dex: 10    Spells: 8/12 levels left

rFire   . . .      SeeInvis .   m - +0 flail (protect)
rCold   . . .      Faith    .   (no shield)
rNeg    + . .      Spirit   .   q - +0 leather armour
rPois   ∞          Reflect  .   (no helmet)
rElec   +          Harm     .   (no cloak)
rCorr   .          Rampage  .   (no gloves)
Will    .....                   (no boots)
Stlth   ++........              (no amulet)
HPRegen 0.13/turn               (no ring)
MPRegen 0.12/turn               (no ring)

@: under a protective aura
A: sickness immunity, AC +4, negative energy resistance 1, electricity
resistance, torment resistance 1, petrification resistance
a: Renounce Religion


You were on level 5 of the Dungeon.
You worshipped Sif Muna.
Sif Muna was noncommittal.
You visited 1 branch of the dungeon, and saw 5 of its levels.

You collected 165 gold pieces.

Inventory:

Hand Weapons
 c - a +0 dagger
 m - a +0 flail of protection (weapon)
Missiles
 b - 2 boomerangs
 f - 110 stones
Armour
 a - a +0 robe
 j - a +0 ring mail
 q - a +0 leather armour (worn)
Wands
 t - a wand of iceblast (3)
Scrolls
 e - a scroll of summoning {unknown}
 g - 2 scrolls of teleportation {unknown}
 h - 3 scrolls of identify {unknown}
 i - a scroll of fear {unknown}
 n - a scroll of blinking {unknown}
 p - a scroll of noise {unknown}
 u - a scroll of brand weapon {unknown}
 w - a scroll of enchant armour {unknown}
Potions
 d - 2 potions of flight {unknown}
 k - a potion of brilliance {unknown}
 l - a potion of curing {unknown}
 o - a potion of berserk rage {unknown}
 r - a potion of might {unknown}
 s - a potion of attraction {unknown}
 v - a potion of cancellation {unknown}


   Skills:
 + Level 2.8 Fighting
 - Level 1.5 Dodging
 + Level 3.9 Stealth
 + Level 3.2 Spellcasting
 * Level 3.2 Conjurations
 - Level 2.4 Transmutations
 * Level 2.3 Air Magic
 * Level 4.9 Poison Magic


You had 8 spell levels left.
You knew the following spells:

 Your Spells              Type           Power      Damage    Failure   Level
a - Sting                 Tmut/Pois      56%        1d5       5%          1
b - Mephitic Cloud        Conj/Pois/Air  13%        N/A       17%         3

Your spell library contained the following spells:

 Spells                   Type           Power      Damage    Failure   Level
 Poisonous Vapours        Pois/Air       28%        N/A       8%          2
 Pain                     Necr           8%         1d4       24%         1
 Summon Small Mammal      Summ           8%         N/A       24%         1
 Olgreb's Toxic Radiance  Pois           18%        N/A       30%         4
 Call Canine Familiar     Summ           2%         N/A       56%         3
 Summon Guardian Golem    Hex/Summ       2%         N/A       56%         3
 Agony                    Necr           2%         N/A       100%        5
 Excruciating Wounds      Necr           1%         N/A       100%        5
 Dispersal                Tloc           1%         N/A       100%        6
 Disjunction              Tloc           1%         N/A       100%        8


Dungeon Overview and Level Annotations

Branches:
Dungeon (5/15)
 Temple: D:4-7

Altars:
Dithmenos
Makhleb
Qazlal
Sif Muna
Zin

Annotations:
D:5 Grinder


Innate Abilities, Weirdness & Mutations

You are immune to sickness and miasma.
Your stone body is resilient. (AC +4)
You are immune to poison.
You resist negative energy. (rN+)
You are resistant to electric shocks. (rElec)
You are resistant to unholy torment.
You are immune to petrification.


Message History

Aim: an ogre, wielding a +0 giant spiked club (86% to hit)
The sting misses the ogre.
Aiming: Sting (safe; 5% risk of failure)
Press: ? - help, Q - select action, (/) - cycle Shift-Dir - straight line, f/p - ogre
Aim: an ogre, wielding a +0 giant spiked club (86% to hit)
The sting hits the ogre.
The ogre is poisoned.
The ogre is lightly wounded.
Aiming: Sting (safe; 5% risk of failure)
Press: ? - help, Q - select action, (/) - cycle Shift-Dir - straight line, f/p - ogre
Aim: an ogre, wielding a +0 giant spiked club (lightly wounded, poisoned, 86% to hit)
The sting hits the ogre.
The ogre looks even sicker.
The ogre is lightly wounded.
The ogre hits you with a +0 giant spiked club.
Aiming: Sting (safe; 5% risk of failure)
Press: ? - help, Q - select action, (/) - cycle Shift-Dir - straight line, f/p - ogre
Aim: an ogre, wielding a +0 giant spiked club (moderately wounded, very poisoned, 86% to hit)
The sting hits the ogre.
The ogre looks even sicker.
The ogre is moderately wounded.
The ogre barely misses you.
Aiming: Sting (safe; 5% risk of failure)
Press: ? - help, Q - select action, (/) - cycle Shift-Dir - straight line, f/p - ogre
Aim: an ogre, wielding a +0 giant spiked club (heavily wounded, very poisoned, 86% to hit)
The sting misses the ogre.
The ogre hits you with a +0 giant spiked club!!
Ouch! That really hurt!
Aiming: Sting (safe; 5% risk of failure)
Press: ? - help, Q - select action, (/) - cycle Shift-Dir - straight line, f/p - ogre
Aim: an ogre, wielding a +0 giant spiked club (heavily wounded, very poisoned, 86% to hit)
The sting hits the ogre.
The ogre looks as sick as possible!
The ogre is heavily wounded.
You see here 6 gold pieces.
You barely miss the ogre.
The ogre is severely wounded.
The ogre hits you with a +0 giant spiked club!
* * * LOW HITPOINT WARNING * * *
You hit the ogre.
Your weapon exudes an aura of protection.
The ogre is severely wounded.
The ogre hits you with a +0 giant spiked club!
You die...

#### #.. ####..
####....#########
.........$.O@...#
#..[##.#########
. #............#
#..##........#
#.# ##.......# .
... #.......#
#..# #.......#
##. ###.......#
... #.........#


You could see an ogre (very poisoned).

Vanquished Creatures
  Eustachio (D:4)
  3 ogres
  An orc priest (D:4)
  2 hounds (D:4)
  A centaur skeleton (D:4)
  Jessica (D:3)
  3 orc wizards
  Terence (D:3)
  A gnoll (D:4)
  5 adders
  A howler monkey skeleton (D:4)
  2 worms (D:4)
  6 orcs
  9 ball pythons
  10 endoplasms
  A giant cockroach (D:2)
  10 hobgoblins
  2 quokkas
  5 bats
  A frilled lizard (D:1)
  9 goblins
  3 kobolds
  7 rats
85 creatures vanquished.

Vanquished Creatures (others)
  22 plants (D:1)
22 creatures vanquished.

Grand Total: 107 creatures vanquished

Notes
Turn   | Place    | Note
-------+----------+-------------------------------------------
     0 | D:1      | LustLizard the Gargoyle Venom Mage began the quest for the
                  | Orb.
     0 | D:1      | Reached XP level 1. HP: 10/10 MP: 3/3
    62 | D:1      | Reached skill level 1 in Transmutations
   150 | D:1      | Reached XP level 2. HP: 16/16 MP: 1/5
   405 | D:1      | Found a faded altar of an unknown god.
  1073 | D:2      | Reached XP level 3. HP: 7/20 MP: 0/6
  1524 | D:2      | Reached skill level 1 in Fighting
  1822 | D:2      | Reached XP level 4. HP: 25/25 MP: 5/7
  2730 | D:2      | Learned a level 3 spell: Mephitic Cloud
  2758 | D:3      | Found a burning altar of Makhleb.
  2766 | D:3      | Noticed Terence
  2857 | D:3      | Reached XP level 5. HP: 29/29 MP: 5/8
  2887 | D:3      | Killed Terence
  3260 | D:3      | Reached skill level 1 in Conjurations
  3523 | D:3      | Noticed Jessica
  3532 | D:3      | Killed Jessica
  3533 | D:3      | Reached skill level 4 in Poison Magic
  3535 | D:3      | Found a shimmering blue altar of Sif Muna.
  3853 | D:3      | Became a worshipper of Sif Muna the Loreminder
  3930 | D:4      | Noticed an ogre
  4065 | D:4      | Found a shadowy altar of Dithmenos.
  4089 | D:4      | Found a stormy altar of Qazlal.
  4281 | D:4      | Reached XP level 6. HP: 25/35 MP: 1/10
  4289 | D:4      | Reached skill level 1 in Air Magic
  4466 | D:4      | Noticed Eustachio
  4813 | D:4      | Reached XP level 7. HP: 31/40 MP: 5/11
  5298 | D:4      | Killed Eustachio
  5840 | D:4      | Found a glowing silver altar of Zin.
  6219 | D:5      | Entered Level 5 of the Dungeon
  6219 | D:5      | Noticed Grinder
  6223 | D:5      | Paralysed by Grinder for 2 turns
  6227 | D:5      | Paralysed by Grinder for 4 turns
  6546 | D:5      | HP: 1/40 [ogre/+0 giant spiked club (14)]
  6547 | D:5      | Mangled by an ogre

Illustrated notes

Levels and vault maps discovered:
D:1:      roderic_crop_circles_arrival_large, layout_loops_ring,
          shapermc_ecumenical_altar_ellora, minmay_small_reverse_x
D:2:      layout_basic
D:3:      layout_loops_ring, old_standard_altar, tgw_sif, uniq_terence
D:4:      layout_basic, mainiacjoe_overflow_surrounded_room,
          nicolae_overflow_crystal_walls, lemuel_round_altar,
          cheibrodos_gnoll_hut, uniq_eustachio
D:5:      layout_rooms, mainiacjoe_overflow_alcove_2,
          minmay_temple_entry_overgrown, uniq_grinder

Skill      XL: |  1  2  3  4  5  6  7 |
---------------+----------------------+-----
Transmutations | 1 2 |  2.4
Fighting       | 1 2 |  2.8
Stealth        | 3 |  3.9
Conjurations   | 1 2 3 |  3.2
Poison Magic   | 4 |  4.9
Air Magic      | 1 2 |  2.3
Spellcasting   | 3 |  3.2
Dodging        | |  1.5

Action                   |  1- 3 |  4- 6 |  7- 9 || total
-------------------------+-------+-------+-------++-------
Melee: Dagger            |    42 |     6 |       ||    48
       Punch             |     1 |       |       ||     1
       Flail             |       |    58 |    43 ||   101
Throw: Boomerang         |       |     3 |     3 ||     6
 Cast: Sting             |    36 |    92 |    52 ||   180
Evoke: Wand              |       |       |     1 ||     1
 Stab: Sleeping          |       |     2 |       ||     2
Armor: Robe              |    22 |    18 |       ||    40
       Leather armour    |       |    18 |    33 ||    51
Dodge: Dodged            |    39 |    61 |    37 ||   137
